 Dungeon Crawl Stone Soup version 0.28.0 (webtiles) character file.

Game seed: 18155558737812687177

403 GrayStillPlays the Poker (level 6, 0/45 (49) HPs)
             Began as a Merfolk Fighter on Feb 8, 2022.
             Slain by a wight (2 damage)
             ... on level 3 of the Dungeon.
             The game lasted 00:07:33 (4070 turns).

GrayStillPlays the Poker (Merfolk Fighter)          Turns: 4070, Time: 00:07:33

HP:   0/45 (49)     AC:  8    Str: 16    XL:     6   Next: 86%
MP:   10/10         EV:  8    Int: 10    God:
Gold: 177           SH:  5    Dex: 13    Spells: 9/11 levels left

rFire   . . .      SeeInvis .   a - +0 trident {polearm}
rCold   . . .      Faith    .   c - +0 buckler
rNeg    . . .      Spirit   .   b - +0 scale mail
rPois   .          Reflect  .   e - +1 helmet
rElec   .          Harm     .   (no cloak)
rCorr   .          Rampage  .   (no gloves)
Will    .....                   (no boots)
Stlth   ..........              (no amulet)
HPRegen 0.15/turn               (no ring)
MPRegen 0.12/turn               (no ring)

@: drained
A: (nimble swimmer 2), mertail
a: no special abilities


You were on level 3 of the Dungeon.
You visited 1 branch of the dungeon, and saw 4 of its levels.

You collected 177 gold pieces.


Innate Abilities, Weirdness & Mutations

((You are very nimble when in or above water. (Stealth+, EV+, Speed+++)))
Your lower body shifts to a powerful aquatic tail in water.


   Skills:
 + Level 4.3 Fighting
 + Level 4.9 Polearms
 + Level 2.9 Armour
 + Level 3.8 Shields
 * Level 3.0 Spellcasting
 + Level 1.6 Air Magic


You had 9 spell levels left.
You knew the following spells:

 Your Spells              Type           Power      Damage    Failure   Level
a - Poisonous Vapours     Pois/Air       6%         N/A       80%         2

Your spell library contained the following spells:

 Spells                   Type           Power      Damage    Failure   Level
 Magic Dart               Conj           4%         1d3       78%         1
 Corpse Rot               Necr/Air       6%         N/A       80%         2
 Call Imp                 Summ           1%         N/A       89%         2
 Mephitic Cloud           Conj/Pois/Air  2%         N/A       97%         3

Inventory:

Hand Weapons
 a - a +0 trident (weapon) {polearm}
 q - a +2 battleaxe {axe}
   (You took it off a wight on level 3 of the Dungeon)
Missiles
 g - 7 boomerangs (quivered) {throwing}
 j - 108 stones {throwing}
 n - 2 atropa-tipped darts {throwing}
 o - 35 arrows
Armour
 b - a +0 scale mail (worn)
 c - a +0 buckler (worn)
 e - a +1 helmet (worn)
   (You found it on level 1 of the Dungeon)
Scrolls
 h - a scroll of blinking {unknown}
 l - 2 scrolls of identify {unknown}
 m - 2 scrolls of enchant weapon {unknown}
Potions
 d - a potion of might
 f - a potion of brilliance {unknown}
 i - a potion of curing {unknown}
 k - a potion of mutation {unknown}
 p - a potion of attraction {unknown}

Dungeon Overview and Level Annotations

Branches:
Dungeon (4/15)
 Temple: D:4-7

Altars:
Ashenzari
Kikubaaqudgha
Wu Jian
Yredelemnul

Shops:
D:3

: #######.# ##...##.# #..#
##.# ......#.###≈≈≈..#.#
#..# #.#
........##≈≈≈≈≈.#.# #..#
#.# ......#<##≈≈∩.[.#.#
#..# #.#
#######.##≈≈≈≈≈##.#####..#
#.# #.###≈≈≈...........#
#.# #.# ##.##.#.######.#
#.# #.#
#.#...........######.# #.#
#.#.#@.............#.# #.#
#.#.#.z....#.....#.#.# #.#
#.#.#.>###.#.###.#.#.# #.#
#.#.##.#...#.# #.#.#.# #.#
#....#.#.###.# #.#.#.# #.#
#....#.......# #.#.#.# #.#
#....###.##### #.#.#.# #.#
#....+.#.# #.#.#.# #.#
#....#.#.# #.#.#.#


You could see a wight.


Message History

There is an entrance to Dototugh's Book Emporium here. 😨 HP[-8]
You take 8 damage, and now have 13/45 hp.
Your legs become a tail as you enter the water.
Reach: a) +0 trident {polearm}
Press: ? - help, Dir - move target, f - wight
Aim: a wight, wielding a +2 battleaxe and wearing a +0 robe (about 40% to evade your +0 trident)
You reach to attack!
You hit the wight.
Reach: a) +0 trident {polearm}
Press: ? - help, Dir - move target, f/p - wight
Aim: a wight, wielding a +2 battleaxe and wearing a +0 robe (lightly damaged, about 40% to evade your +0 trident)
You reach to attack!
You hit the wight but do no damage.
Reach: a) +0 trident {polearm}
Press: ? - help, Dir - move target, f - you, p - wight
Okay, then. 😨 HP[+1] 😨 HP[+1] 😨 HP[+1] 😨 HP[+1] 😨 HP[+1] 😨 HP[+1] 😨 HP[+1] 😨 HP[+1] 😨 HP[+1] 😮 HP[+1] 😮 HP[+1] 😮 HP[+1] 😮 HP[+1] 😮 HP[+1] 😮 HP[+1] 😮 HP[+1] 😮 HP[+1] 😮 HP[+1] 😮 HP[+1] 😮 HP[+1] 😕 HP[+1] 😕 HP[+1] 😕 HP[+1] 😕 HP[+1] 😕 HP[+1] 😕 HP[+1] 😕 HP[+1] 😕 HP[+1] 😕 HP[+1] 😕 HP[+1] 😕 HP[+1] 😎 HP[+1]
Your hp is fully restored (45).
Reach: a) +0 trident {polearm}
Press: ? - help, Dir - move target, f/p - wight
Aim: a wight, wielding a +2 battleaxe and wearing a +0 robe (about 40% to evade your +0 trident)
You reach to attack!
You hit the wight.
There is an entrance to Dototugh's Book Emporium here.
Reach: a) +0 trident {polearm}
Press: ? - help, Dir - move target, f/p - wight
Aim: a wight, wielding a +2 battleaxe and wearing a +0 robe (lightly damaged, about 40% to evade your +0 trident)
You reach to attack!
You hit the wight. You hit the wight. The wight closely misses you.
You hit the wight but do no damage. You block the wight's attack.
You hit the wight. The wight misses you.
You hit the wight but do no damage. The wight hits you with a +2 battleaxe.
You feel drained. 😕 HP[-8]
You now have 44 max hp (-1).
You take 8 damage, and now have 37/44 hp.
You hit the wight.
You destroy the wight!
Your Spellcasting skill increases to level 3! 😕 HP[+1]
You now have 47 max hp (+3).
q - a +2 battleaxe {axe} You see here a +0 robe. 😕 HP[+1]
You see here a +0 robe.
Your legs become a tail as you enter the water.
There is a stone staircase leading down here. 😕 HP[+1]
You climb downwards.
The wight hits you with a +5 long sword of freezing!
The wight freezes you!
* * * LOW HITPOINT WARNING * * *
There is a stone staircase leading up here. 😨 HP[-22]
You take 22 damage, and now have 18/47 hp.
MASSIVE DAMAGE!! (PAUSE)
The wight hits you with a +5 long sword of freezing.
* * * LOW HITPOINT WARNING * * *
You feel drained.
* * * LOW HITPOINT WARNING * * *
The wight freezes you.
* * * LOW HITPOINT WARNING * * *
You climb upwards.
There is a stone staircase leading down here. 😱 HP[-8]
You now have 46 max hp (-1).
You take 8 damage, and now have 10/46 hp.
The wight hits you with a +5 long sword of freezing!
* * * LOW HITPOINT WARNING * * *
You feel drained.
You die...

Skill      XL: |  1  2  3  4  5  6 |
---------------+-------------------+-----
Spellcasting   | 1 2 3 |  3.0
Fighting       | 4 |  4.3
Polearms       | 4 |  4.9
Air Magic      | 1 |  1.6
Armour         | |  2.9
Shields        | |  3.8

Action                   |  1- 3 |  4- 6 || total
-------------------------+-------+-------++-------
Melee: Trident           |   111 |   140 ||   251
  Use: Potion            |       |     1 ||     1
Armor: Scale mail        |    37 |    74 ||   111
Dodge: Dodged            |    41 |    58 ||    99
Block: Buckler           |    20 |    35 ||    55

Levels and vault maps discovered:
D:1:      roderic_dead_forest, layout_loops_cross
D:2:      layout_basic, basic_altar
D:3:      layout_basic, mainiacjoe_overflow_paths, dk_yredelemnul_ordeal,
          nicolae_overflow_ecumenical_swirl, serial_shops,
          nicolae_shop_waterfront, basic_ecumenical_altar, uniq_pargi
D:4:      layout_loops_ring, minmay_misc_feat_diagonals

Notes
Turn   | Place    | Note
-------+----------+-------------------------------------------
     0 | D:1      | GrayStillPlays the Merfolk Fighter began the quest for the
                  | Orb.
     0 | D:1      | Reached XP level 1. HP: 18/18 MP: 1/1
     0 | D:1      | magus.rc [v1.9.6]
    96 | D:1      | Reached XP level 2. HP: 15/24 MP: 1/3
   227 | D:1      | You pick up a book of Minor Magic and begin reading...
   227 | D:1      | You add the spells Magic Dart, Call Imp and Mephitic Cloud
                  | to your library.
   241 | D:1      | Reached skill level 1 in Spellcasting
   313 | D:1      | Reached XP level 3. HP: 28/29 MP: 4/4
   942 | D:2      | Found an ancient bone altar of Kikubaaqudgha.
   964 | D:2      | You pick up a book of Vapours and begin reading...
   964 | D:2      | You add the spells Poisonous Vapours and Corpse Rot to your
                  | library.
  1009 | D:2      | Learned a level 2 spell: Poisonous Vapours
  1722 | D:2      | Reached XP level 4. HP: 37/37 MP: 6/6
  2015 | D:3      | Found a faded altar of an unknown god.
  2018 | D:3      | Found a broken altar of Ashenzari.
  2033 | D:3      | Found an ornate altar of the Wu Jian Council.
  2259 | D:3      | Found a faded altar of an unknown god.
  2335 | D:3      | Noticed Pargi
  2356 | D:3      | HP: 9/37 [Pargi (1)]
  2480 | D:3      | HP: 8/37 [Pargi (2)]
  2485 | D:3      | HP: 7/37 [Pargi (1)]
  2487 | D:3      | Killed Pargi
  2488 | D:3      | Reached skill level 4 in Fighting
  2488 | D:3      | Reached skill level 4 in Polearms
  2488 | D:3      | Reached skill level 2 in Spellcasting
  2488 | D:3      | Reached skill level 1 in Air Magic
  2488 | D:3      | Reached XP level 5. HP: 8/42 MP: 6/8
  2753 | D:3      | Found Dototugh's Book Emporium.
  2968 | D:3      | Reached XP level 6. HP: 48/48 MP: 9/9
  3238 | D:3      | Found a runed translucent door.
  3238 | D:3      | Noticed a human
  3244 | D:3      | Found a basalt altar of Yredelemnul.
  3697 | D:4      | HP: 3/47 [wight (9)]
  4054 | D:3      | Reached skill level 3 in Spellcasting
  4067 | D:4      | HP: 11/46 [wight (2)]
  4070 | D:3      | HP: 2/46 [wight (8)]
  4070 | D:3      | Slain by a wight

Vanquished Creatures
  Pargi (D:3)
  4 wights
  An orc priest (D:3)
  A gnoll (D:1)
  4 adders
  3 worms
  7 orcs
  3 endoplasms (D:1)
  2 giant cockroaches
  5 goblins
  4 hobgoblins
  5 quokkas
  5 ball pythons
  3 bats
  A frilled lizard (D:1)
  A jackal skeleton (D:3)
  A kobold (D:1)
  6 rats
57 creatures vanquished.

Table legend:
 A = Non-vault XP
 B = Vault XP
 C = Vault XP percentage of total XP
 D = Non-vault monster count
 E = Vault monster count
 F = Vault count percentage of total count
                 A         B        C        D         E       F
            +---------+---------+-------+---------+---------+-------
      Total |     441 |     135 |  23.4 |      55 |       2 |   3.5
            +---------+---------+-------+---------+---------+-------
        D:1 |      43 |       0 |   0.0 |      19 |       0 |   0.0
        D:2 |      40 |       0 |   0.0 |      13 |       0 |   0.0
        D:3 |     171 |     135 |  44.1 |      17 |       2 |  10.5
        D:4 |     187 |       0 |   0.0 |       6 |       0 |   0.0
            +---------+---------+-------+---------+---------+-------

Illustrated notes

Table legend:
 A = Kills in this place as a percentage of kills in entire the game.
 B = Kills by you in this place as a percentage of kills by you in the entire game.
 C = Kills by friends in this place as a percentage of kills by friends in the entire game.
 D = Other kills in this place as a percentage of other kills in the entire game.
 E = Experience gained in this place as a percentage of experience gained in the entire game.
 F = Experience gained in this place divided by the number of levels of this place that you have seen.
                   A       B       C       D       E      F
               +-------+-------+-------+-------+-------+----------------------
         Total | 100.0 | 100.0 |   N/A |   N/A | 100.0 | 144.0
       Dungeon | 100.0 | 100.0 |   N/A |   N/A | 100.0 | 144.0
               +-------+-------+-------+-------+-------+----------------------

Table legend: (Time is in decaauts)
 A = Elapsed time spent in this place.
 B = Non-inter-level travel time spent in this place.
 C = Inter-level travel time spent in this place.
 D = Time resting spent in this place.
 E = Time spent auto-exploring this place.
 F = Levels seen in this place.
 G = Mean time per level.
                   A        B        C        D        E       F      G
               +--------+--------+--------+--------+--------+-----+--------+
         Total |   4096 |   3897 |    199 |    290 |   2614 |   4 | 1024.0 |
       Dungeon |   4096 |   3897 |    199 |    290 |   2614 |   4 | 1024.0 |
               +--------+--------+--------+--------+--------+-----+--------+

Top non-repeatable levels by time:
     D:3: 1757 daAuts
     D:2: 1108 daAuts
     D:1: 863 daAuts
     D:4: 368 daAuts
